 Dungeon Crawl Stone Soup version 0.21.0-3-g78d12a8 (webtiles) character file.

259 inmateoo the Ruffian (level 5, -5/45 HPs)
             Began as a Troll Air Elementalist on Jan 10, 2018.
             Slain by Menkaure (18 damage)
             ... on level 4 of the Dungeon.
             The game lasted 00:02:31 (1666 turns).

inmateoo the Ruffian (Troll Air Elementalist)       Turns: 1666, Time: 00:02:31

Health: -5/45      AC:  5    Str: 23    XL:     5   Next: 95%
Magic:  5/5        EV: 10    Int: 11    God:
Gold:   174        SH:  0    Dex: 10    Spells: 5/6 levels left

rFire    . . .     SeeInvis .     - Unarmed
rCold    . . .     Gourm    +   (no shield)
rNeg     . . .     Faith    .   a - +0 robe
rPois    .         Spirit   .   (helmet restricted)
rElec    .         Reflect  .   (no cloak)
rCorr    .         Harm     .   (gloves unavailable)
MR       +....                  (boots unavailable)
Stlth    +.........             (no amulet)
HPRegen  0.55/turn              f - +6 ring of strength
MPRegen  0.09/turn              i - ring of protection from magic

@: no status effects
A: large, unfitting armour, claws 3, fast metabolism 3, gourmand, regeneration
1, shaggy fur 1, tough skin 2
a: no special abilities


You were on level 4 of the Dungeon.
You were completely stuffed.

You visited 1 branch of the dungeon, and saw 4 of its levels.

You collected 174 gold pieces.

Inventory:

Armour
 a - a +0 robe (worn)
Jewellery
 f - a +6 ring of strength (left claw)
 i - a ring of protection from magic (right claw)
Scrolls
 d - 9 scrolls of identify {unknown}
 e - 3 scrolls of teleportation {unknown}
 g - 2 scrolls of remove curse {unknown}
 k - a scroll of fog {unknown}
 l - a scroll of fear {unknown}
Potions
 h - 2 potions of cancellation {unknown}
 j - 2 potions of agility {unknown}
 n - a potion of berserk rage {unknown}
Books
 b - a book of Air

   Spells                             Type                      Level
   a - Shock                          Conjuration/Air              1
   b - Swiftness                      Charms/Air                   2
   c - Static Discharge               Conjuration/Air              3
   d - Airstrike                      Air                          4
   e - Lightning Bolt                 Conjuration/Air              5
Comestibles
 c - 7 rations
 m - 5 chunks of flesh


   Skills:
 - Level 1.5 Dodging
 - Level 1.0 Stealth
 + Level 5.8 Unarmed Combat
 - Level 1.2 Spellcasting
 - Level 0.6 Conjurations
 - Level 2.0 Air Magic


You had 5 spell levels left.
You knew the following spells:

 Your Spells              Type           Power        Failure   Level  Hunger
a - Shock                 Conj/Air       #...         19%         1    ##.....


Dungeon Overview and Level Annotations

Branches:
Dungeon (4/15)
 Temple: D:4-7

Altars:
Ashenzari

Annotations:
D:3 Purgy
D:4 Menkaure


Innate Abilities, Weirdness & Mutations

You are too large for most types of armour.
You have claws for hands.
Your metabolism is lightning-fast.
You like to eat raw meat.
Your natural rate of healing is unusually fast.
You are covered in fur. (AC +1)
You have very tough skin. (AC +2)


Message History

There is an open door here.
Menkaure is nearby!
Menkaure gestures at you while chanting.
Pain shoots through your body!
Unknown command.
Found a stone staircase leading up.
Menkaure casts a spell at you. You resist with some effort.
You barely miss Menkaure. You barely miss Menkaure. Menkaure hits you!!
* * * LOW HITPOINT WARNING * * *
You claw Menkaure!
Menkaure is moderately damaged.
Menkaure gestures wildly while chanting.
Menkaure seems to speed up.
You scratch Menkaure.
Menkaure is heavily damaged.
Menkaure hums, "Let me perform the rites..."
Menkaure hits you!!
You die...

....#......#
....'......# ..
#...#......## .# #
#...###.....#####.####.#
......#.....#...........
......#.....#...........
......#.....#...........
......#.....#......%..<.
......#.....#...@M......
......+.....'..((.......
#.##..#.....####+#######
#'##..####... ...+ ..
#.... ...# ..#..... ...#
.+..... #### #..... ..#
###


You could see Menkaure.

Vanquished Creatures
  An ogre (D:4)
  A hound (D:4)
  Natasha (twice) (D:3)
  2 adders (D:2)
  3 worms
  A dart slug (D:1)
  3 leopard geckos
  4 bats
  6 giant cockroaches
  11 goblins
  3 hobgoblins
  2 jackals (D:3)
  12 kobolds
  3 frilled lizards (D:1)
  6 rats
60 creatures vanquished.

Notes
Turn   | Place    | Note
-------+----------+-------------------------------------------
     0 | D:1      | inmateoo the Troll Air Elementalist began the quest for the Orb.
     0 | D:1      | Reached XP level 1. HP: 16/16 MP: 1/1
    66 | D:1      | Reached skill level 1 in Unarmed Combat
    98 | D:1      | Reached XP level 2. HP: 23/24 MP: 2/2
   115 | D:1      | Reached skill level 2 in Unarmed Combat
   312 | D:1      | Reached XP level 3. HP: 31/31 MP: 3/3
   522 | D:2      | Reached skill level 3 in Unarmed Combat
  1088 | D:2      | Reached XP level 4. HP: 33/39 MP: 4/4
  1458 | D:3      | Noticed Natasha
  1462 | D:3      | Killed Natasha
  1462 | D:3      | Reached skill level 4 in Unarmed Combat
  1542 | D:3      | Noticed Natasha
  1544 | D:3      | Killed Natasha
  1544 | D:3      | Reached XP level 5. HP: 45/45 MP: 5/5
  1558 | D:3      | Noticed Purgy
  1565 | D:4      | Found a shattered altar of Ashenzari.
  1565 | D:4      | Noticed an ogre
  1569 | D:4      | Killed an ogre
  1569 | D:4      | Reached skill level 5 in Unarmed Combat
  1658 | D:4      | Noticed Menkaure
  1666 | D:4      | Slain by Menkaure

Skill      XL: |  1  2  3  4  5 |
---------------+----------------+-----
Unarmed Combat | 1 2 3 4 5 |  5.8
Dodging        | |  1.5
Stealth        | |  1.0
Spellcasting   | |  1.2
Conjurations   | |  0.6
Air Magic      | |  2.0

Action                   |  1- 3 |  4- 6 || total
-------------------------+-------+-------++-------
Melee: Unarmed           |   133 |    35 ||   168
       Punch             |     2 |       ||     2
  Eat: Chunk             |    14 |     7 ||    21
Armor: Robe              |    67 |     7 ||    74
Dodge: Dodged            |    81 |    15 ||    96
